[Event "Titled Tuesday Blitz January 03 Early 2023"]
[White "Ansh M Shah"]
[Black "Abdilkhair, Abilmansur"]
[WhiteFideId "25033379"]
[BlackFideId "13716417"]
[WhiteElo "2171"]
[BlackElo "2268"]
[Result "0-1"]
[Round "09"]
[TimeControl "180+2"]
[Date "2023.01.03"]
[WhiteClock "0:00:01"]
[BlackClock "0:00:27"]

1. d4 Nf6 2. c4 e6 3. g3 d5 4. Bg2 c6 5. Nf3 dxc4 6. a4 Nd5 7. O-O b5 8. e4 Nb6 9. a5 N6d7 10. d5 Nc5 11. Re1 Nd3 12. Re2 Bc5 13. b3 O-O 14. bxc4 bxc4 15. Na3 cxd5 16. exd5 exd5 17. Be3 Bxe3 18. Rxe3 Be6 19. Nd4 Nd7 20. Nxe6 fxe6 21. Rxe6 N7c5 22. Re2 Rb8 23. Nc2 Rb2 24. Rb1 Ra2 25. Ra1 Rb2 26. Rb1 c3 27. Ne3 d4 28. Nd5 Nxf2 29. Rxf2 Rbxf2 30. Qxd4 c2 31. Rc1 Nb3 32. Qc4 Nxc1 33. Nf4+ Kh8 34. Ne6 Ne2+ 35. Kh1 Qd1+ 0-1


[Site "https://www.chess.com"]

[Event "Titled Tuesday Blitz January 03 Early 2023"]
[White "Ljukin, Sergei"]
[Black "Maksimovic, Bojan"]
[WhiteFideId "14102200"]
[BlackFideId "14408120"]
[WhiteElo "2362"]
[BlackElo "2486"]
[Result "0-1"]
[Round "09"]
[TimeControl "180+2"]
[Date "2023.01.03"]
[WhiteClock "0:00:02"]
[BlackClock "0:01:34"]

1. e4 g6 2. d4 Bg7 3. Nc3 a6 4. f4 b5 5. Nf3 Bb7 6. Bd3 e6 7. e5 Ne7 8. a4 b4 9. Ne4 a5 10. c4 d5 11. Nc5 Bc6 12. b3 Nd7 13. Nxd7 Qxd7 14. c5 Bb7 15. Qe2 Qc8 16. Bc2 Ba6 17. Qe3 Nc6 18. Bd2 f6 19. O-O-O O-O 20. h4 fxe5 21. fxe5 Qe8 22. h5 gxh5 23. g4 Rxf3 24. Qxf3 Nxd4 25. Qh3 Nxc2 26. Kxc2 Qg6+ 27. Kc1 hxg4 28. Qg3 Rf8 29. Rdg1 h5 30. Qh4 Rf5 31. Qd8+ Kh7 32. Qxc7 Rxe5 33. Qd6 Bd3 34. c6 Bb1 0-1


[Site "https://www.chess.com"]

[Event "Titled Tuesday Blitz January 03 Early 2023"]
[White "Yeritsyan, Hayk"]
[Black "Rostomyan, Mikayel"]
[WhiteFideId "13307320"]
[BlackFideId "13313754"]
[WhiteElo "2241"]
[BlackElo "2222"]
[Result "1-0"]
[Round "09"]
[TimeControl "180+2"]
[Date "2023.01.03"]
[WhiteClock "0:00:20"]
[BlackClock "0:00:18"]

1. c4 e5 2. Nc3 Bb4 3. Nd5 Be7 4. d4 exd4 5. Qxd4 Nf6 6. Nf3 Nc6 7. Qd3 Nb4 8. Qb3 Nbxd5 9. cxd5 O-O 10. g3 c6 11. dxc6 dxc6 12. Bg2 Be6 13. Qc2 Bb4+ 14. Bd2 Bxd2+ 15. Qxd2 Qb6 16. O-O Rfd8 17. Qc2 h6 18. e3 Bd5 19. Rfd1 Be4 20. Qc3 Nd5 21. Qd4 Bxf3 22. Bxf3 Nb4 23. Qxb6 axb6 24. a3 Nd3 25. Rab1 Nc5 26. Kf1 Kf8 27. Ke2 Ke7 28. h4 b5 29. g4 Na4 30. g5 hxg5 31. hxg5 Rxd1 32. Kxd1 Rh8 33. Ke2 Ke6 34. Bg4+ Ke5 35. f4+ Kd6 36. Rd1+ Kc5 37. Rc1+ Kb6 38. b3 Rh2+ 39. Kf3 Nc5 40. b4 Nd3 41. Rd1 Rf2+ 42. Kg3 Nb2 43. Kxf2 Nxd1+ 44. Bxd1 c5 45. Bb3 c4 46. Bc2 Kc6 47. e4 Kd6 48. Ke3 1-0


[Site "https://www.chess.com"]

[Event "Titled Tuesday Blitz January 03 Early 2023"]
[White "Goltsev, Dmitry"]
[Black "Torres Dominguez, David"]
[WhiteFideId "24176710"]
[BlackFideId "2220857"]
[WhiteElo "2269"]
[BlackElo "1994"]
[Result "1-0"]
[Round "09"]
[TimeControl "180+2"]
[Date "2023.01.03"]
[WhiteClock "0:00:07"]
[BlackClock "0:00:03"]

1. e4 Nc6 2. Nf3 e5 3. Nc3 Nf6 4. d4 exd4 5. Nxd4 Bb4 6. Nxc6 bxc6 7. Bd3 d5 8. exd5 O-O 9. O-O cxd5 10. Bg5 c6 11. Qf3 h6 12. Bh4 g5 13. Bg3 Bg4 14. Qe3 d4 15. Qe5 dxc3 16. bxc3 Re8 17. cxb4 Rxe5 18. Bxe5 Nd5 19. a3 f6 20. Bb2 Nf4 21. Be4 Qe7 22. Rfe1 Ne2+ 23. Rxe2 Bxe2 24. Bxc6 Rc8 25. Ba4 Qd6 26. h3 Kg7 27. Bb3 Bc4 28. Ba4 Qd2 29. Rb1 Re8 30. Bxe8 Qxc2 31. Rc1 Qxb2 32. Rxc4 Qa1+ 33. Kh2 Qe5+ 34. Kg1 Qe1+ 35. Kh2 Qe5+ 36. Kg1 Qxe8 37. g3 Qe1+ 38. Kg2 Qe5 39. Rc5 Qd6 40. h4 Kg6 41. hxg5 hxg5 42. Ra5 Qc6+ 43. Kh2 g4 44. Kg1 f5 45. Rxa7 Qc1+ 46. Kg2 Qc6+ 47. Kg1 Kf6 48. Ra5 Qc1+ 49. Kg2 Qc6+ 50. Kg1 Qf3 51. a4 Qb3 52. Ra6+ Ke5 53. b5 Ke4 54. Kg2 Qf3+ 55. Kf1 Qd3+ 56. Kg2 Qf3+ 57. Kf1 Qd1+ 58. Kg2 Qd3 59. Re6+ Kd4 60. Rd6+ Kc4 61. Rxd3 Kxd3 62. b6 1-0


[Site "https://www.chess.com"]

[Event "Titled Tuesday Blitz January 03 Early 2023"]
[White "Dominguez Perez, Leinier"]
[Black "Batsiashvili, Nino"]
[WhiteFideId "3503240"]
[BlackFideId "13602993"]
[WhiteElo "2739"]
[BlackElo "2467"]
[Result "1-0"]
[Round "09"]
[TimeControl "180+2"]
[Date "2023.01.03"]
[WhiteClock "0:00:50"]
[BlackClock "0:00:10"]

1. e4 e5 2. Nf3 Nc6 3. Bb5 Nge7 4. O-O Ng6 5. c3 d5 6. Qa4 dxe4 7. Qxe4 f5 8. Qc4 Bd7 9. d4 e4 10. Ng5 Qf6 11. f3 h6 12. Nh3 exf3 13. Rxf3 O-O-O 14. Nf4 Nh4 15. Rf2 Bd6 16. Nd5 Qg6 17. Bf4 a6 18. Bxa6 Na5 19. Ne7+ Kb8 20. Nxg6 Nxg6 21. Qd5 Bc6 22. Qxa5 Nxf4 23. Bb5 Rhe8 24. Bxc6 Re1+ 25. Rf1 Rxf1+ 26. Kxf1 bxc6 27. Nd2 1-0


[Site "https://www.chess.com"]

[Event "Titled Tuesday Blitz January 03 Early 2023"]
[White "Bryakin, Mikhail"]
[Black "Gascon Del Nogal, Jose Rafael"]
[WhiteFideId "4165314"]
[BlackFideId "3902463"]
[WhiteElo "2455"]
[BlackElo "2459"]
[Result "0-1"]
[Round "09"]
[TimeControl "180+2"]
[Date "2023.01.03"]
[WhiteClock "0:00:19"]
[BlackClock "0:00:07"]

1. c4 e5 2. g3 Nc6 3. Bg2 Bc5 4. e3 a6 5. Ne2 d6 6. Nbc3 Ba7 7. b3 Nf6 8. Bb2 Bf5 9. O-O O-O 10. d3 Qd7 11. Re1 Bh3 12. Bh1 h6 13. a3 Ng4 14. Be4 f5 15. Bg2 Bxe3 16. fxe3 Bxg2 17. Qd2 Bh3 18. d4 Qf7 19. Nd5 g5 20. Kh1 Qh5 21. Ng1 Rf7 22. Nxh3 Qxh3 23. Qg2 Qh5 24. Kg1 Raf8 25. b4 f4 26. exf4 exf4 27. gxf4 gxf4 28. Rf1 f3 29. Qg3 f2+ 30. Kh1 Rf3 31. Qg2 Rh3 32. Rxf2 Rxf2 33. Nf6+ Rxf6 34. Qxg4+ Qxg4 35. Rg1 Qxg1+ 36. Kxg1 Rhf3 0-1


[Site "https://www.chess.com"]

[Event "Titled Tuesday Blitz January 03 Early 2023"]
[White "Kobalia, Mikhail"]
[Black "Janaszak, Dawid"]
[WhiteFideId "4119150"]
[BlackFideId "1119206"]
[WhiteElo "2578"]
[BlackElo "2316"]
[Result "1-0"]
[Round "09"]
[TimeControl "180+2"]
[Date "2023.01.03"]
[WhiteClock "0:00:59"]
[BlackClock "0:00:03"]

1. e4 c5 2. Nf3 e6 3. d4 cxd4 4. Nxd4 a6 5. c4 Nf6 6. Nc3 Qc7 7. Be2 b6 8. O-O Bb7 9. f3 Be7 10. Be3 O-O 11. Qd2 d6 12. b4 Nbd7 13. Rac1 Rac8 14. Kh1 Rfd8 15. Nb3 Ne5 16. Na4 Nfd7 17. Qe1 Bc6 18. Nc3 Qb8 19. Qf2 Ba8 20. Na4 b5 21. cxb5 axb5 22. Nb6 Rxc1 23. Rxc1 Nxb6 24. Bxb6 Rc8 25. Rxc8+ Qxc8 26. Bxb5 d5 27. exd5 Bxd5 28. Bc5 Bf6 29. Bf1 h5 30. Bd4 Qb7 31. Qe3 Nd7 32. Bxf6 Nxf6 33. a3 Qc6 34. Nc5 h4 35. h3 Nh5 36. Kg1 Ng3 37. Qg5 Nf5 38. Bd3 Qd6 39. Bxf5 exf5 40. Qxf5 Bc6 41. Ne4 Qd4+ 42. Kh2 Qa1 43. Qc8+ Kh7 44. Qxc6 Qe5+ 45. Kg1 Qd4+ 46. Kf1 Qd3+ 47. Kf2 Qxa3 48. Ng5+ 1-0


[Site "https://www.chess.com"]

[Event "Titled Tuesday Blitz January 03 Early 2023"]
[White "Harsh Suresh"]
[Black "Goltseva, Ekaterina"]
[WhiteFideId "45018464"]
[BlackFideId "24173770"]
[WhiteElo "2298"]
[BlackElo "2283"]
[Result "1-0"]
[Round "09"]
[TimeControl "180+2"]
[Date "2023.01.03"]
[WhiteClock "0:00:06"]
[BlackClock "0:00:01"]

1. b3 Nf6 2. Bb2 d5 3. e3 e6 4. Nf3 Be7 5. c4 O-O 6. Nc3 c5 7. cxd5 exd5 8. d4 Nc6 9. Be2 Bg4 10. O-O Rc8 11. Rc1 Ne4 12. dxc5 Bf6 13. Nd4 Bxe2 14. Ncxe2 Nxd4 15. Bxd4 Qa5 16. Bxf6 Nxf6 17. Qc2 Ne4 18. Qb2 Rxc5 19. Rxc5 Qxc5 20. Rc1 Qd6 21. Qd4 Qa6 22. Rc2 Nf6 23. Nf4 Qa5 24. h3 h6 25. b4 Qa4 26. Rc7 Qxa2 27. Rxb7 Ne4 28. Nd3 Nd6 29. Rd7 Ne4 30. Qxd5 Qb1+ 31. Kh2 Nc3 32. Qf3 Qc2 33. Nf4 Qb3 34. Rxa7 Qxb4 35. Qg4 Qc5 36. Nh5 g6 37. Nf6+ Kg7 38. Ra6 Qe5+ 39. Qg3 Qxg3+ 40. Kxg3 Nb5 41. Ne4 Re8 42. Nc5 Re5 43. Nd3 Re7 44. Rb6 Nc3 45. Nf4 Ne4+ 46. Kf3 Ng5+ 47. Ke2 Rd7 48. g4 Ne4 49. Rb2 g5 50. Nh5+ Kg6 51. Rb6+ Rd6 52. Rxd6+ Nxd6 53. f4 f5 54. Ng3 gxf4 55. exf4 fxg4 56. hxg4 Kf6 57. Kf3 Nc4 58. Ne4+ Kg6 59. f5+ Kf7 60. Kf4 Nb6 61. Ng3 Nd7 62. Nh5 Ke7 63. Ke4 Kf7 64. Kd5 Ke7 65. Ke4 Kf7 66. Kf4 Ke7 67. Ng3 Kf7 68. Ne4 Ke7 69. Nd2 Kf7 70. Nf3 Ke7 71. Ne5 Nf6 72. Nf3 Kf7 73. Kg3 Ke7 74. Kh4 Kf7 75. Ng1 Ke7 76. Ne2 Kf7 77. Ng3 Ke7 78. Nh5 Ne4 79. Nf4 Nf6 80. Ng6+ Kf7 81. Ne5+ Kg7 82. Nd3 Kf7 83. Nf4 Ke7 84. Kg3 Kf7 85. Kf3 Ke7 86. Ng2 Kf7 87. Kf4 Ke7 88. Ne3 Kf7 89. Ke5 Nd7+ 90. Kf4 Nf6 91. Kg3 Ke7 92. Kh4 Kf7 93. Nc4 Ke7 94. Ne5 Kf8 95. Ng6+ Kg7 96. Nf4 Kf7 97. Nh3 Ke7 98. Nf2 Kf7 99. Kg3 Ke7 100. Kf4 Kf7 101. Ne4 Nh7 102. Ke5 Ke7 103. f6+ Kf7 104. Kf5 Nf8 105. Nd6+ Kg8 106. Nc4 Kh7 107. Ne5 Kg8 108. Ng6 Nh7 109. Ke6 Ng5+ 110. Ke7 Nf7 111. Nf4 Ng5 112. Nd5 Nf7 113. Nc7 Ng5 114. Ne8 Kh7 115. f7 Nxf7 116. Kxf7 h5 117. g5 1-0


[Site "https://www.chess.com"]

[Event "Titled Tuesday Blitz January 03 Early 2023"]
[White "Mendez Fortes, Eduardo Jesus"]
[Black "Pakleza, Zbigniew"]
[WhiteFideId "3502376"]
[BlackFideId "1119290"]
[WhiteElo "2250"]
[BlackElo "2494"]
[Result "0-1"]
[Round "09"]
[TimeControl "180+2"]
[Date "2023.01.03"]
[WhiteClock "0:00:00"]
[BlackClock "0:02:05"]

1. e4 d6 2. d4 Nf6 3. Nc3 c6 4. f4 Qb6 5. e5 Nd5 6. Nxd5 cxd5 7. h3 Nc6 8. Nf3 Bf5 9. c3 e6 10. Bd3 g6 11. Bxf5 gxf5 12. Qe2 Be7 13. Be3 O-O-O 14. O-O-O h5 15. Kb1 Kb8 16. Bf2 Rc8 17. Bh4 Bxh4 18. Nxh4 Na5 19. Ka1 dxe5 20. dxe5 Rc4 21. Nf3 Rxf4 22. Ng5 Qc7 23. Rhe1 h4 24. Qb5 a6 25. Qe2 Rg8 26. Nf3 Nc4 27. Rd4 Re4 28. Qf2 Qb6 29. Rexe4 fxe4 30. Nxh4 Nxe5 31. b3 Nc6 32. Qf4+ Ka7 33. Qxf7 Nxd4 34. Qxg8 Nb5 0-1


[Site "https://www.chess.com"]

[Event "Titled Tuesday Blitz January 03 Early 2023"]
[White "Bilan, Danila"]
[Black "Sychev, Klementy"]
[WhiteFideId "24161918"]
[BlackFideId "4114060"]
[WhiteElo "2303"]
[BlackElo "2547"]
[Result "0-1"]
[Round "09"]
[TimeControl "180+2"]
[Date "2023.01.03"]
[WhiteClock "0:00:02"]
[BlackClock "0:00:54"]

1. d4 Nf6 2. Nf3 g6 3. Bg5 Bg7 4. c3 O-O 5. Nbd2 d5 6. e3 Nbd7 7. Bd3 Re8 8. O-O e5 9. dxe5 Nxe5 10. Nxe5 Rxe5 11. Nf3 Re8 12. h3 c6 13. Qc2 Qb6 14. Nd2 Nd7 15. e4 Nc5 16. Be3 d4 17. Bxd4 Bxd4 18. cxd4 Ne6 19. d5 cxd5 20. exd5 Nd4 21. Qa4 Rd8 22. Nc4 Qf6 23. Ne3 Qf4 24. Qa3 Bxh3 25. gxh3 Rxd5 26. Nxd5 Nf3+ 27. Kg2 Nh4+ 28. Kg1 Qg5+ 0-1


[Site "https://www.chess.com"]

[Event "Titled Tuesday Blitz January 03 Early 2023"]
[White "Dragnev, Valentin"]
[Black "Kvaloy, Aksel Bu"]
[WhiteFideId "1634852"]
[BlackFideId "1528815"]
[WhiteElo "2593"]
[BlackElo "2321"]
[Result "1-0"]
[Round "09"]
[TimeControl "180+2"]
[Date "2023.01.03"]
[WhiteClock "0:00:04"]
[BlackClock "0:00:02"]

1. d4 Nf6 2. c4 e6 3. Nc3 Bb4 4. a3 Bxc3+ 5. bxc3 O-O 6. f3 c5 7. e4 d6 8. Bd3 e5 9. Ne2 Nc6 10. Be3 b6 11. O-O h6 12. Ng3 Nh7 13. d5 Ne7 14. f4 exf4 15. Bxf4 f5 16. e5 dxe5 17. Bxe5 Ng6 18. Bf4 Nxf4 19. Rxf4 Qd6 20. Rf2 g6 21. Qd2 Kg7 22. a4 a5 23. Rb1 Bd7 24. Qa2 Nf6 25. Rfb2 Rab8 26. Rb3 Ng4 27. Nf1 Ne5 28. Be2 f4 29. Nd2 Bf5 30. Rf1 g5 31. Qb2 Nd3 32. Bxd3 Bxd3 33. Re1 Rfe8 34. Qc1 Rxe1+ 35. Qxe1 Kf7 36. Qd1 Re8 37. Rb2 Qe5 38. Nf3 Qe3+ 39. Rf2 Bxc4 40. h3 Rd8 41. d6 Qe6 42. Rd2 Qe3+ 43. Kh1 Qxc3 44. d7 Qf6 45. Rd6 Be6 46. Qd3 Ke7 47. Kh2 Rxd7 48. Rxd7+ Bxd7 49. Qe4+ Kd8 50. Qb7 Qc6 51. Qb8+ Ke7 52. Qe5+ Be6 53. Qg7+ Kd6 54. Qxh6 c4 55. Qxg5 Qe4 56. Qd8+ Kc5 57. Qe7+ Kc6 58. Qe8+ Kb7 59. Ng5 Bd5 60. Nxe4 1-0


[Site "https://www.chess.com"]

[Event "Titled Tuesday Blitz January 03 Early 2023"]
[White "Mica, Marek"]
[Black "Klukin, Kirill"]
[WhiteFideId "382884"]
[BlackFideId "24199273"]
[WhiteElo "2256"]
[BlackElo "2390"]
[Result "0-1"]
[Round "09"]
[TimeControl "180+2"]
[Date "2023.01.03"]
[WhiteClock "0:01:10"]
[BlackClock "0:01:56"]

1. d4 d5 2. c4 e6 3. Nf3 a6 4. cxd5 exd5 5. Nc3 Nf6 6. Bf4 Bd6 7. Bxd6 Qxd6 8. e3 O-O 9. Bd3 Nbd7 10. O-O c6 11. Qc2 Re8 12. Rab1 h6 13. b4 b5 14. Ne2 Nb6 15. Ne5 Nc4 16. Bxc4 dxc4 17. Nc3 Be6 18. f4 Nd5 19. Ne4 Qc7 20. Qd2 Bf5 21. Nc5 Bxb1 22. Rxb1 f6 23. Ng4 h5 24. Nf2 Rxe3 25. g3 Rae8 26. Qc2 Re1+ 0-1


[Site "https://www.chess.com"]

[Event "Titled Tuesday Blitz January 03 Early 2023"]
[White "Mohammed, Zozek Salah Mohammed"]
[Black "Agasarov, Benik"]
[WhiteFideId "4803361"]
[BlackFideId "13314823"]
[WhiteElo "2210"]
[BlackElo "2235"]
[Result "0-1"]
[Round "09"]
[TimeControl "180+2"]
[Date "2023.01.03"]
[WhiteClock "0:00:16"]
[BlackClock "0:01:39"]

1. d4 d5 2. c4 e6 3. Nf3 Nf6 4. g3 Bb4+ 5. Bd2 a5 6. Bg2 O-O 7. O-O dxc4 8. Bg5 b5 9. a3 Be7 10. Nc3 c6 11. Ne5 Ra6 12. e3 h6 13. Bxf6 Bxf6 14. Qe2 Qc7 15. f4 Bb7 16. Ne4 Be7 17. a4 Nd7 18. Rac1 Rb6 19. b3 cxb3 20. axb5 Nxe5 21. fxe5 Qd7 22. bxc6 Bxc6 23. Qg4 Bxe4 24. Bxe4 b2 25. Rb1 a4 26. Bc2 Qc6 27. Qe2 a3 28. Qd3 g6 29. Bb3 Qb5 30. Qxb5 Rxb5 31. Ba2 Rc8 32. Rfd1 Rc3 33. e4 Re3 34. d5 Rxe4 35. d6 Bd8 36. d7 Rbxe5 37. Rd3 Re1+ 38. Kf2 Rxb1 39. Bxb1 Ra5 40. Ba2 b1=Q 41. Bxb1 a2 42. Bxa2 Rxa2+ 43. Kf3 Kf8 44. h4 Ke7 0-1


[Site "https://www.chess.com"]

[Event "Titled Tuesday Blitz January 03 Early 2023"]
[White "TheKnightOfBosnia"]
[Black "Leiva, Gianmarco"]
[BlackFideId "3804399"]
[WhiteElo "2481"]
[BlackElo "2392"]
[Result "1-0"]
[Round "09"]
[TimeControl "180+2"]
[Date "2023.01.03"]
[WhiteClock "0:00:28"]
[BlackClock "0:00:01"]

1. e4 c5 2. Nf3 d6 3. Bb5+ Nd7 4. d4 cxd4 5. Qxd4 a6 6. Bxd7+ Bxd7 7. Nc3 e5 8. Qd3 h6 9. O-O Nf6 10. Rd1 Be7 11. Nd2 Be6 12. Nf1 Qc7 13. Ne3 Qc5 14. a4 O-O 15. Bd2 Rac8 16. f3 Bd8 17. Be1 Bc4 18. Qd2 Ba5 19. Bf2 Be6 20. Ned5 Qc4 21. Ne7+ Kh7 22. Nxc8 Rxc8 23. Qxd6 Nd7 24. Qd3 Qb4 25. Nd5 Qxb2 26. Rab1 Qa2 27. Rxb7 Nc5 28. Bxc5 Rxc5 29. Qb3 Rxc2 30. Qxa2 Rxa2 31. Nc7 Bxc7 32. Rxc7 Rxa4 33. Ra7 Ra2 34. Rd8 Bc4 35. Rda8 h5 36. h4 Ra1+ 37. Kh2 Ra2 38. Kg1 Ra1+ 39. Kh2 Ra2 40. Kh3 Bf1 41. Rxf7 Rxg2 42. Rf5 g6 43. Rf7+ Kh6 44. Rh8# 1-0


[Site "https://www.chess.com"]

[Event "Titled Tuesday Blitz January 03 Early 2023"]
[White "Krienke, Makaio"]
[Black "Wagner, Dennis"]
[WhiteFideId "2038854"]
[BlackFideId "24650684"]
[WhiteElo "2115"]
[BlackElo "2595"]
[Result "0-1"]
[Round "09"]
[TimeControl "180+2"]
[Date "2023.01.03"]
[WhiteClock "0:00:07"]
[BlackClock "0:00:05"]

1. e4 e5 2. Nf3 Nc6 3. Bb5 a6 4. Ba4 Nf6 5. O-O Be7 6. Re1 b5 7. Bb3 O-O 8. a4 Rb8 9. d3 d6 10. c3 h6 11. Nbd2 Re8 12. Nf1 Bf8 13. axb5 axb5 14. Ng3 b4 15. d4 bxc3 16. bxc3 Bd7 17. Ba2 exd4 18. cxd4 Nb4 19. Bb1 c5 20. h3 cxd4 21. Nxd4 g6 22. f4 Bg7 23. Kh2 Ng4+ 24. Kg1 Qb6 25. Bb2 Nc6 26. hxg4 Nxd4 27. Kh2 Qxb2 28. Ra7 Bb5 29. Ba2 Rf8 30. f5 gxf5 31. gxf5 Qf2 32. Qg4 Kh8 33. Nh5 Be5+ 34. Kh3 Rg8 35. Qh4 Qxg2# 0-1


[Site "https://www.chess.com"]

[Event "Titled Tuesday Blitz January 03 Early 2023"]
[White "Shuvalova, Polina"]
[Black "Pein, Jonathan"]
[WhiteFideId "24171760"]
[BlackFideId "417092"]
[WhiteElo "2484"]
[BlackElo "2265"]
[Result "0-1"]
[Round "09"]
[TimeControl "180+2"]
[Date "2023.01.03"]
[WhiteClock "0:00:15"]
[BlackClock "0:00:13"]

1. d4 d6 2. e4 Nf6 3. Nc3 e5 4. Nf3 exd4 5. Nxd4 g6 6. Be3 Bg7 7. Qd2 O-O 8. O-O-O Nc6 9. f3 Nxd4 10. Bxd4 Be6 11. g4 c5 12. Be3 Qa5 13. Kb1 b5 14. Nd5 Qa6 15. a3 Bxd5 16. exd5 Rfe8 17. h4 Nd7 18. h5 Nb6 19. hxg6 hxg6 20. Bh6 Bf6 21. Bg5 Bg7 22. Qh2 Re5 23. Bh6 Bf6 24. Bf4 Nc4 25. Bxc4 bxc4 26. g5 Bg7 27. Bxe5 Bxe5 28. f4 Bg7 29. c3 Rb8 30. Kc1 Rb3 31. Qc2 Bxc3 32. bxc3 Qxa3+ 33. Kd2 Rb2 34. Rc1 Rxc2+ 35. Rxc2 Qa4 36. Rb1 Qd7 37. Rf1 Qf5 38. Kc1 Qxd5 39. Rd2 Qe6 40. Rfd1 Qf5 41. Rxd6 Qxf4+ 42. Kb2 Qxg5 43. R6d5 Qg2+ 44. R1d2 Qe4 45. Rxc5 Kg7 46. Rcd5 a5 47. R5d4 Qb7+ 48. Kc1 Qb3 49. Rc2 a4 50. Rdd2 a3 51. Kd1 g5 52. Ke2 Kg6 53. Kf3 f6 54. Rg2 Qb7+ 55. Ke3 Qb3 56. Kd4 f5 57. Rcf2 g4 58. Rc2 Kg5 59. Rce2 f4 60. Re5+ Kg6 61. Re6+ Kf5 62. Re5+ Kf6 63. Re4 Qb6+ 64. Kxc4 Kf5 65. Rd4 Qc6+ 66. Kb3 Qxg2 67. Kxa3 Qe2 68. Kb3 Qe6+ 69. Kc2 g3 70. Rd2 f3 71. Rd4 Qe2+ 72. Kb3 f2 73. Rd5+ Ke6 74. Rd8 Ke7 75. Rg8 f1=Q 76. Rxg3 Qf7+ 77. Kb4 Qe5 78. Rd3 Qff4+ 79. Rd4 Qfxd4+ 80. cxd4 Qxd4+ 81. Kb3 Qd6 82. Kc2 Ke6 83. Kc3 Ke5 84. Kc4 Qd4+ 85. Kb5 Qc3 86. Kb6 Kd5 87. Kb7 Qc1 88. Kb8 Kd6 89. Kb7 Kd5 90. Kb8 Qb2+ 91. Ka7 Kc6 92. Ka8 Qb7# 0-1


[Site "https://www.chess.com"]

[Event "Titled Tuesday Blitz January 03 Early 2023"]
[White "Skliarov, Viktor"]
[Black "Manukian, Artak"]
[WhiteFideId "14106736"]
[BlackFideId "13301373"]
[WhiteElo "2383"]
[BlackElo "2196"]
[Result "0-1"]
[Round "09"]
[TimeControl "180+2"]
[Date "2023.01.03"]
[WhiteClock "0:00:12"]
[BlackClock "0:01:12"]

1. e4 c6 2. d4 d5 3. e5 Bf5 4. Nf3 e6 5. Be2 c5 6. Be3 Qb6 7. Nc3 Qxb2 8. Nb5 Na6 9. c4 dxc4 10. Bxc4 O-O-O 11. O-O Kb8 12. Qb3 Qxb3 13. axb3 Nh6 14. dxc5 Bxc5 15. Bxc5 Nxc5 16. Rxa7 Na6 17. Ra1 Be4 18. Nfd4 Nf5 19. Nxf5 Bxf5 20. Rxb7+ Kxb7 21. Nd6+ Rxd6 22. exd6 Nc5 23. b4 Ne4 24. d7 Rd8 25. Bb5 Nc3 0-1


[Site "https://www.chess.com"]

[Event "Titled Tuesday Blitz January 03 Early 2023"]
[White "Goroshkov, Maksym"]
[Black "Pandey Srishti"]
[WhiteFideId "14142716"]
[BlackFideId "35093290"]
[WhiteElo "2287"]
[BlackElo "2188"]
[Result "1-0"]
[Round "09"]
[TimeControl "180+2"]
[Date "2023.01.03"]
[WhiteClock "0:01:52"]
[BlackClock "0:02:07"]

1. e4 e5 2. d4 exd4 3. c3 dxc3 4. Bc4 Nc6 5. Nxc3 Bb4 6. Nf3 Nge7 7. Ng5 d5 8. exd5 Ne5 9. Qa4+ c6 10. Qxb4 a5 11. Qb3 a4 12. Qb4 O-O 13. O-O N7g6 14. dxc6 bxc6 15. Be2 h6 16. Nf3 Be6 17. Nxe5 Nxe5 18. Qe4 Qf6 19. Be3 Rab8 20. Bd4 1-0


[Site "https://www.chess.com"]

[Event "Titled Tuesday Blitz January 03 Early 2023"]
[White "Renjith, Sravan"]
[Black "Ankerst, Mihael"]
[WhiteFideId "4306783"]
[BlackFideId "14602369"]
[WhiteElo "2172"]
[BlackElo "2370"]
[Result "1-0"]
[Round "09"]
[TimeControl "180+2"]
[Date "2023.01.03"]
[WhiteClock "0:00:06"]
[BlackClock "0:00:01"]

1. Nf3 Nf6 2. d4 g6 3. g3 Bg7 4. Bg2 d6 5. O-O O-O 6. Nbd2 d5 7. Ne5 Nbd7 8. c4 c6 9. cxd5 cxd5 10. Ndf3 Nb6 11. Bf4 Bf5 12. Rc1 Be4 13. Qb3 Rc8 14. Rxc8 Qxc8 15. Rc1 Qd8 16. a4 a5 17. Nxf7 Rxf7 18. Bc7 Qc8 19. Qxb6 Ne8 20. Ne5 Rf6 21. Qxa5 Ra6 22. Qc3 Rxa4 23. Bxe4 dxe4 24. Qb3+ e6 25. Qxa4 Nxc7 26. Qc4 Bxe5 27. dxe5 Qf8 28. Qxc7 e3 29. f3 h5 30. Rd1 1-0


[Site "https://www.chess.com"]

[Event "Titled Tuesday Blitz January 03 Early 2023"]
[White "Gutierrez Anaya, Yeison Joel"]
[Black "Sadykov, Ramil"]
[WhiteFideId "3903273"]
[BlackFideId "24113590"]
[WhiteElo "2125"]
[BlackElo "2345"]
[Result "0-1"]
[Round "09"]
[TimeControl "180+2"]
[Date "2023.01.03"]
[WhiteClock "0:00:07"]
[BlackClock "0:00:28"]

1. d4 Nf6 2. Nf3 g6 3. g3 Bg7 4. Bg2 O-O 5. O-O d5 6. b3 c5 7. Bb2 cxd4 8. Bxd4 Nc6 9. Bb2 Qd6 10. Nbd2 Rd8 11. c4 d4 12. a3 e5 13. Ng5 h6 14. Nge4 Nxe4 15. Nxe4 Qe7 16. b4 f5 17. Nd2 e4 18. Qb3 Be6 19. Rfd1 b5 20. Rac1 Rac8 21. a4 bxc4 22. Nxc4 Ne5 23. Bxd4 Nxc4 24. Bxg7 Rxd1+ 25. Qxd1 Kxg7 26. Qd4+ Kf7 27. Bf1 Qd7 28. Qa1 e3 29. f4 Qd6 30. b5 h5 31. Bg2 h4 32. a5 hxg3 33. hxg3 Qd2 34. Bf3 Qxa5 35. Qd4 Qb6 36. Qd3 Rd8 37. Qc3 Qd4 38. Qb4 Rd7 39. b6 Nxb6 40. Qxd4 Rxd4 41. Rc7+ Rd7 42. Rxd7+ Bxd7 43. g4 fxg4 0-1


[Site "https://www.chess.com"]

[Event "Titled Tuesday Blitz January 03 Early 2023"]
[White "Tran, Thanh Tu"]
[Black "Demchenko, Anton"]
[WhiteFideId "12401404"]
[BlackFideId "4160258"]
[WhiteElo "2412"]
[BlackElo "2623"]
[Result "0-1"]
[Round "09"]
[TimeControl "180+2"]
[Date "2023.01.03"]
[WhiteClock "0:00:04"]
[BlackClock "0:01:05"]

1. Nf3 Nf6 2. d4 d6 3. e3 g6 4. b3 Bg7 5. Bb2 O-O 6. Nbd2 Nbd7 7. c4 Re8 8. Be2 e5 9. dxe5 dxe5 10. O-O e4 11. Nd4 Qe7 12. Qc2 c6 13. a4 a5 14. Ba3 Qe5 15. c5 Qg5 16. Nc4 Ne5 17. Rfd1 Bh3 18. Bf1 Nxc4 19. Qxc4 h5 20. Kh1 Ng4 21. Ra2 Qe5 22. g3 Bxf1 23. Rxf1 Qf6 24. h3 Ne5 25. Qe2 Rad8 26. Rd2 Qe7 27. Kg2 Rd5 28. Rfd1 Qf6 29. b4 axb4 30. Bxb4 Ra8 31. a5 Nd3 32. Rxd3 exd3 33. Rxd3 Qd8 34. Qd1 Qe8 35. Qf3 Rad8 36. Bc3 Rxc5 37. Bb4 Rcd5 0-1


[Site "https://www.chess.com"]

[Event "Titled Tuesday Blitz January 03 Early 2023"]
[White "Andreev, Eduard"]
[Black "Krivonosov, Oleg"]
[WhiteFideId "14103400"]
[BlackFideId "11600349"]
[WhiteElo "2413"]
[BlackElo "2359"]
[Result "1/2-1/2"]
[Round "09"]
[TimeControl "180+2"]
[Date "2023.01.03"]
[WhiteClock "0:00:15"]
[BlackClock "0:00:39"]

1. Nf3 d5 2. g3 Nf6 3. Bg2 e6 4. d4 Be7 5. c4 O-O 6. O-O Nbd7 7. Qc2 c6 8. Nc3 b6 9. e4 dxe4 10. Nxe4 Bb7 11. Rd1 Nxe4 12. Qxe4 Nf6 13. Qc2 Qc8 14. c5 Rd8 15. Bf4 Nd5 16. Bd2 h6 17. Ne5 Bf6 18. f4 Bxe5 19. dxe5 Ba6 20. Rac1 Be2 21. Re1 Bg4 22. Be4 Bf5 23. Bxf5 exf5 24. a3 Qe6 25. cxb6 Nxb6 26. Ba5 Rac8 27. Red1 Rd5 28. Bxb6 axb6 29. Rxd5 Qxd5 30. Rd1 Qf3 31. Rd6 g6 32. Qf2 Qxf2+ 33. Kxf2 b5 34. Ke3 c5 35. Rb6 b4 36. axb4 cxb4 37. Rxb4 Rc2 38. h4 Rg2 39. Kf3 Rc2 40. Rb6 h5 41. b4 Rc3+ 42. Kf2 Rb3 43. Rb7 Kf8 44. b5 Ke8 45. b6 Kf8 46. Ke2 Ke8 47. Kd2 Rxg3 48. Kc2 Kd8 49. Rxf7 Kc8 50. b7+ Kb8 51. e6 Re3 52. e7 Ka7 53. Kd2 Re4 54. Kd3 Re6 55. b8=Q+ Kxb8 56. e8=Q+ Rxe8 57. Rf6 Re4 58. Rxg6 Rxf4 59. Rg5 Rxh4 60. Rxf5 Kc7 61. Ke3 Kd6 62. Kf3 Ke6 63. Ra5 Kf6 64. Kg3 Rh1 65. Kg2 Rc1 66. Rxh5 Kg6 67. Rh3 Rc2+ 68. Kg3 Kg5 69. Rh8 Rc3+ 70. Kf2 Rc5 71. Rf8 Kg4 72. Rg8+ Kf4 73. Rf8+ Ke4 74. Re8+ Kf5 75. Rf8+ Ke6 76. Re8+ Kf7 77. Re3 Rc2+ 78. Kf3 Rc1 79. Ke4 Ke6 80. Ra3 Re1+ 81. Kd3 Rh1 82. Ra6+ Kd5 83. Ra5+ Kc6 84. Ra6+ Kb5 85. Rg6 Rh3+ 86. Ke4 Rh4+ 87. Kf3 Rh3+ 88. Kg4 Rc3 89. Rg5+ Kb4 90. Rf5 Rc4+ 91. Rf4 Rxf4+ 92. Kxf4 1/2-1/2


[Site "https://www.chess.com"]